 Dungeon Crawl Stone Soup version 0.20-a0-1000-g0e8f6bb (console) character file.

122221 vuev the Executioner (level 16, -4/150 HPs)
             Began as a Minotaur Berserker on Apr 12, 2017.
             Was a High Priest of Trog.
             Slain by a wolf spider (12 damage)
             ... on level 4 of the Spider Nest.
             The game lasted 01:12:16 (28410 turns).

vuev the Executioner (Minotaur Berserker)          Turns: 28410, Time: 01:12:17

Health: -4/150     AC:  8    Str: 30    XL:     16   Next: 34%
Magic:  0/15       EV:  8    Int:  7    God:    Trog [*****.]
Gold:   1480       SH:  0    Dex: 17    Spells: 15/15 levels left

rFire    + + +     SeeInvis +   L - +6 exec axe {chop, +Rage}
rCold    + . .     Gourm    .   (shield currently unavailable)
rNeg     . . .     Faith    .   S - +1 crystal plate armour
rPois    +         Spirit   +   (helmet restricted)
rElec    .         Reflect  .   V - scarf {rC+}
rCorr    .         Harm     .   N - +0 pair of fencer's gloves {+Riposte Dex+3}
MR       +....                  J - +0 pair of boots "Huuritt" {rPois rF++}
Stlth    ..........             E - amulet of Nassema {Spirit Int+3}
Regen    0.4/turn               K - ring of poison resistance
MPRegen  0.2/turn               Y - ring "Tesoh" {rF+ Str+5 SInv}

@: lethally poisoned (-4 -> -5), exhausted, corroded, hasted and slowed
A: retaliatory headbutt, hooves 1, horns 2, wild magic 1
a: Berserk, Trog's Hand, Brothers in Arms, Burn Spellbooks, Renounce Religion,
Evoke Berserk Rage


You were on level 4 of the Spider Nest.
You worshipped Trog.
Trog was extremely pleased with you.
You were very hungry.

You visited 4 branches of the dungeon, and saw 24 of its levels.
You also visited: Labyrinth, Ossuary and Volcano.

You collected 2649 gold pieces.
You spent 1169 gold pieces at shops.

Inventory:

Hand Weapons
 s - a +3 executioner's axe of electrocution
 H - a +0 vampiric battleaxe
 L - the +6 executioner's axe "Adukkaargh" (weapon) {chop, +Rage}
   (Trog gifted it to you on level 4 of the Lair of Beasts)

   It inflicts extra damage upon your enemies.
   It lets you go berserk.
 X - a +1 executioner's axe of freezing
Missiles
 D - 3 throwing nets (quivered)
Armour
 J - the +0 pair of boots "Huuritt" (worn) {rPois rF++}
   (You found it on level 11 of the Dungeon)

   It greatly protects you from fire.
   It protects you from poison.
 N - the +0 pair of fencer's gloves (worn) {+Riposte Dex+3}
   (You bought it in a shop on level 2 of the Orcish Mines)

   It affects your dexterity (+3).
 S - a +1 crystal plate armour (worn)
 V - a scarf of cold resistance (worn)
Jewellery
 a - a +3 ring of protection
 m - a +3 ring of strength
 t - an uncursed ring of resist corrosion
 E - the amulet of Nassema (around neck) {Spirit Int+3}
   (You acquired it on level 4 of the Lair of Beasts)

   [amulet of guardian spirit]

   It causes incoming damage to be split between your health and magic.
   It affects your intelligence (+3).
 G - a +4 ring of dexterity
 K - a ring of poison resistance (left hand)
 R - a +3 ring of evasion
 T - an uncursed ring of flight
 W - an uncursed ring of protection from magic
 Y - the ring "Tesoh" (right hand) {rF+ Str+5 SInv}
   (You found it in a labyrinth)

   [ring of protection from fire]

   It affects your strength (+5).
   It protects you from fire.
   It lets you see invisible.
Wands
 f - a wand of disintegration (12/24)
 g - a wand of enslavement (14/24)
 q - a wand of digging (14/24)
 x - a wand of iceblast (0/15)
 y - a wand of random effects (34/48)
 z - a wand of acid (0/15)
 F - a wand of confusion (15/48)
 O - a wand of iceblast (0/15)
 Q - a wand of flame (15/48)
 U - a wand of lightning (8/15)
 Z - a wand of flame (22/48)
Scrolls
 d - 16 scrolls of identify
 j - 6 scrolls of teleportation
 k - 4 scrolls of magic mapping
 l - a scroll of recharging
 n - 3 scrolls of enchant weapon
 r - a scroll of silence {unknown}
 u - 3 scrolls of fear
 v - 13 scrolls of remove curse
 P - 3 scrolls of fog
Potions
 b - 2 potions of agility
 e - 3 potions of haste
 h - 6 potions of might
 p - a potion of heal wounds
 A - a potion of berserk rage
 B - 2 potions of resistance
 C - 6 potions of curing
 M - 3 potions of magic
Comestibles
 c - 12 bread rations
 i - 17 royal jellies
 o - 6 chunks of flesh
 w - 9 fruits
 I - 4 meat rations


   Skills:
 + Level 15.6 Fighting
 * Level 25.6 Axes
 + Level 16.1 Armour
 - Level 2.1 Dodging


You had 15 spell levels left.
You didn't know any spells.

Dungeon Overview and Level Annotations

Branches:
Dungeon (12/15)            Temple (0/1) D:6            Lair (6/6) D:9
  Swamp (0/4) Lair:2       Spider (4/4) Lair:2        Slime (0/5) Lair:5
    Orc (2/2) D:10            Elf (0/3) Orc:2

Altars:
Ashenzari
Dithmenos
Elyvilon
Makhleb
Nemelex Xobeh
Ru
Vehumet
Yredelemnul
Beogh
Jiyva

Shops:
D:7 *[}   Orc:1 (   Orc:2 :*:[:**[

Portals:
Pandemonium: Orc:2
Trove: D:11 (give 2 scrolls of acquirement)


Innate Abilities, Weirdness & Mutations

You reflexively headbutt those who attack you in melee.
You have a pair of horns on your head.
You have large cloven feet.
Your spells are a little harder to cast, but a little more powerful.


Message History

Unknown command.
You feel much better.
You feel sick.
The entropy weaver casts a spell.
The entropic weave corrodes you!
Unknown command.
The web tears apart.
The entropy weaver hits you!
* * * LOW HITPOINT WARNING * * *
The entropy weaver hits you but does no damage.
The entropy weaver hits you.
* * * LOW HITPOINT WARNING * * *
The entropy weaver hits you!
* * * LOW HITPOINT WARNING * * *
Unknown command.
You feel sick.
Your surroundings suddenly seem different.
You feel sick.
A wolf spider comes into view.
The wolf spider hisses angrily.
The wolf spider hits you!
You die...

...........^...
.......s..s....
..............)
....^..s.......
...............
...............
......ss..^...<
.......@.......
.....s.......^.
........#....^#
........####.##
......... #
....^....
......#..
#.........


You could see a wolf spider and 5 redbacks.

Vanquished Creatures
  A storm dragon (D:11)
  An orc warlord (D:11)
  5 emperor scorpions
  3 entropy weavers
  A minotaur (Lab)
  3 ettins
  Erolcha (Orc:2)
  3 hydras
  3 two-headed ogres
  4 catoblepae
  6 death yaks (Lair:6)
  6 orc high priests
  A salamander mystic (Volcano)
  A hell knight (Volcano)
  An unseen horror (D:10)
  A torturous demonspawn (Orc:2)
  2 infernal demonspawn (Orc:2)
  4 orc knights (Orc:2)
  Pikel (D:4)
  23 wolf spiders
  14 orb spiders
  7 orc sorcerers (Orc:2)
  4 salamanders (Volcano)
  2 ugly things
  2 manticores (Lair:6)
  2 cyclopes
  3 elephants (Lair:4)
  5 black mambas
  A torpor snail (Spider:4)
  A rust devil (Orc:2)
  An orange demon (Orc:2)
  6 komodo dragons
  6 spiny frogs
  An efreet (D:11)
  14 demonic crawlers
  3 trolls
  30 jumping spiders
  4 hornets
  The ghost of Lifeless the Chopper, an amateur HuGl (D:4)
  4 dream sheep (Lair:3)
  14 blink frogs
  86 redbacks
  12 hippogriffs
  A water elemental (D:12)
  35 yaks
  30 tarantellas
  2 wyverns
  A wraith (D:12)
  6 basilisks
  2 wargs (Orc:1)
  7 hungry ghosts
  A neqoxec (Orc:2)
  2 vampire mosquitoes (Spider:4)
  A soldier ant (D:9)
  7 water moccasins
  9 porcupines
  A slave (D:4)
  A phantom (D:4)
  2 sky beasts
  5 ice beasts
  32 orc warriors
  12 ogres
  4 wolves (Lair:4)
  2 necrophages
  A centaur (D:9)
  11 crocodiles
  Blork the orc (D:4)
  14 bullfrogs
  2 big kobolds
  A wyvern skeleton (D:12)
  13 scorpions
  4 wights (D:6)
  6 killer bees (D:12)
  8 electric eels
  5 crimson imps
  A bullfrog zombie (D:12)
  2 human zombies (Ossuary)
  3 hounds
  2 jellies
  21 orc wizards
  A centaur zombie (D:6)
  A gnoll shaman (D:7)
  35 orc priests
  A bullfrog skeleton (D:6)
  Jessica (D:3)
  An iguana (D:5)
  5 worker ants
  A killer bee zombie (D:9)
  2 big kobold zombies (Ossuary)
  A hound zombie (D:9)
  3 mummies (Ossuary)
  A worker ant zombie (D:9)
  A howler monkey zombie (D:8)
  5 scorpion zombies (Ossuary)
  12 adders
  6 gnolls
  A river rat (D:3)
  2 shadow imps
  An ooze (D:3)
  An adder skeleton (D:6)
  A worm (D:2)
  A leopard gecko (D:2)
  84 orcs
  A ball python (D:3)
  2 giant cockroaches
  2 gnoll zombies (Ossuary)
  8 hobgoblins
  8 jackals
  12 kobolds
  6 quokkas
  10 bats
  6 frilled lizards
  4 goblins
  3 goblin zombies (Ossuary)
  2 kobold zombies (Ossuary)
  An orc zombie (Ossuary)
  A quokka zombie (D:9)
  5 rats
  3 plants
794 creatures vanquished.

Vanquished Creatures (collateral kills)
  A hydra (Lair:1)
  7 death yaks (Lair:6)
  A wolf spider (Spider:3)
  An elephant (Lair:4)
  2 jumping spiders (Spider:3)
  8 yaks
  An orc warrior (Orc:2)
  A bullfrog (Lair:6)
22 creatures vanquished.

Vanquished Creatures (others)
  A wolf spider (Spider:4)
  2 redbacks (Spider:4)
  A bullfrog skeleton (D:4)
  A worker ant (D:4)
  A hound skeleton (D:4)
  A quokka (D:4)
  2 fungi (Lair:4)
  7 plants (Lair:6)
16 creatures vanquished.

Grand Total: 832 creatures vanquished

Notes
Turn   | Place    | Note
-------+----------+-------------------------------------------
     0 | D:1      | vuev the Minotaur Berserker began the quest for the Orb.
     0 | D:1      | Reached XP level 1. HP: 19/19 MP: 0/0
   292 | D:1      | Reached skill level 4 in Axes
   292 | D:1      | Reached XP level 2. HP: 27/27 MP: 1/1
   953 | D:2      | Reached ** piety under Trog
  1264 | D:2      | Reached XP level 3. HP: 33/33 MP: 2/2
  1979 | D:3      | Reached skill level 5 in Axes
  1998 | D:3      | Found a white marble altar of Elyvilon.
  2016 | D:3      | Noticed Jessica
  2025 | D:3      | Killed Jessica
  2025 | D:3      | Reached XP level 4. HP: 40/40 MP: 3/3
  2282 | D:3      | Found a glowing drain.
  2403 | D:4      | Found a sacrificial altar of Ru.
  2414 | D:4      | Noticed a slave
  2435 | D:4      | Killed a slave
  2455 | D:4      | Noticed Pikel
  2455 | D:4      | Noticed a slave
  2455 | D:4      | Noticed a slave
  2471 | D:4      | Killed Pikel
  2471 | D:4      | Reached skill level 8 in Axes
  2471 | D:4      | Reached XP level 5. HP: 47/47 MP: 4/4
  2471 | D:4      | Reached XP level 6. HP: 55/55 MP: 5/5
  2471 | D:4      | Reached XP level 7. HP: 60/60 MP: 6/6
  2518 | D:4      | Found a sand-covered staircase.
  2524 | D:4      | Noticed Blork the orc
  2532 | D:4      | Killed Blork the orc
  2532 | D:4      | Reached skill level 5 in Fighting
  2540 | Ossuary  | Entered an ossuary
  2653 | Ossuary  | Reached skill level 9 in Axes
  2668 | Ossuary  | Reached *** piety under Trog
  2877 | Ossuary  | Reached skill level 10 in Axes
  2919 | Ossuary  | Reached XP level 8. HP: 68/68 MP: 7/7
  3133 | Ossuary  | Gained mutation: Your body sometimes deteriorates upon taking damage. [potion of mutation]
  3133 | Ossuary  | Gained mutation: You are resistant to hostile enchantments. (MR+) [potion of mutation]
  3207 | D:4      | Reached skill level 11 in Axes
  3207 | D:4      | Reached skill level 5 in Armour
  3412 | D:4      | Noticed Lifeless's ghost (amateur HuGl)
  3422 | D:4      | Killed Lifeless's ghost
  3512 | D:4      | Found a shadowy altar of Dithmenos.
  3976 | D:4      | Found a sparkling altar of Nemelex Xobeh.
  4000 | D:4      | Found a basalt altar of Yredelemnul.
  4184 | D:5      | Entered Level 5 of the Dungeon
  4211 | D:5      | Reached skill level 12 in Axes
  4397 | D:5      | Reached XP level 9. HP: 59/75 MP: 8/8
  4753 | D:6      | Found a staircase to the Ecumenical Temple.
  4907 | D:6      | Reached **** piety under Trog
  5252 | D:6      | Reached skill level 13 in Axes
  5377 | D:6      | Got a crude chain mail
  5388 | D:6      | Identified the cursed +1 chain mail of the Blind Marksman {rPois rC- Dex+3 Stlth+} (You found it on level 6 of the Dungeon)
  5963 | D:7      | Found Ucrixtil's General Store.
  5968 | D:7      | Bought a scroll of enchant weapon for 97 gold pieces
  6108 | D:7      | Found Ifota's Gadget Emporium.
  6148 | D:7      | Reached skill level 14 in Axes
  6269 | D:7      | Found a radiant altar of Vehumet.
  6322 | D:7      | Found Ybovic's Antique Armour Boutique.
  6473 | D:7      | Reached ***** piety under Trog
  6571 | D:8      | Reached XP level 10. HP: 86/86 MP: 9/9
  6801 | D:8      | Found a burning altar of Makhleb.
  7303 | D:9      | Noticed a two-headed ogre
  7314 | D:9      | Killed a two-headed ogre
  7314 | D:9      | Reached skill level 15 in Axes
  7392 | D:9      | Lost mutation: You are resistant to hostile enchantments. (MR+) [potion of mutation]
  7392 | D:9      | Lost mutation: Your body sometimes deteriorates upon taking damage. [potion of mutation]
  7392 | D:9      | Gained mutation: You have large cloven feet. [potion of mutation]
  7392 | D:9      | Gained mutation: Your spells are a little harder to cast, but a little more powerful. [potion of mutation]
  7607 | D:9      | Found a staircase to the Lair.
  7613 | D:9      | Received a gift from Trog
  7827 | D:9      | Paralysed by a hornet for 2 turns
  8155 | Lair:1   | Entered Level 1 of the Lair of Beasts
  8300 | Lair:1   | Noticed a spiny frog
  8303 | Lair:1   | Noticed a black mamba
  8309 | Lair:1   | Killed a spiny frog
  8325 | Lair:1   | Killed a black mamba
  8533 | Lair:1   | Reached skill level 16 in Axes
  8570 | Lair:1   | Noticed a seven-headed hydra
  8583 | Lair:1   | Killed a seven-headed hydra
  8652 | Lair:1   | Reached XP level 11. HP: 75/93 MP: 10/10
  8704 | Lair:1   | Found a shattered altar of Ashenzari.
  9706 | Lair:2   | Found a dark tunnel.
  9796 | Volcano  | Entered a volcano
  9832 | Volcano  | Reached skill level 17 in Axes
  9930 | Volcano  | Noticed a hell knight
  9945 | Volcano  | Killed a hell knight
 10027 | Volcano  | Noticed a salamander mystic
 10033 | Volcano  | Killed a salamander mystic
 10269 | Lair:2   | Found a hole to the Spider Nest.
 10362 | Lair:2   | Reached skill level 10 in Armour
 10694 | Lair:2   | Found a staircase to the Swamp.
 11467 | Lair:3   | Reached skill level 18 in Axes
 11624 | Lair:3   | Reached XP level 12. HP: 64/103 MP: 11/11
 12495 | Lair:4   | Noticed a five-headed hydra
 12555 | Lair:4   | Killed an eight-headed hydra
 12555 | Lair:4   | Reached skill level 10 in Fighting
 12717 | Lair:4   | Received a gift from Trog
 12722 | Lair:4   | Got a smoking executioner's axe {god gift}
 12723 | Lair:4   | Identified the +6 executioner's axe "Adukkaargh" {chop, +Rage} (Trog gifted it to you on level 4 of the Lair of Beasts)
 12789 | Lair:4   | Reached skill level 19 in Axes
 13115 | Lair:4   | Identified a scroll of acquirement
 13118 | Lair:4   | Got a wavering ruby amulet
 13119 | Lair:4   | Identified the amulet of Nassema {Spirit Int+3} (You acquired it on level 4 of the Lair of Beasts)
 13521 | Lair:5   | Found a staircase to the Slime Pits.
 13521 | Lair:5   | Found a viscous altar of Jiyva.
 14500 | Lair:5   | Noticed a seven-headed hydra
 14506 | Lair:5   | Killed a ten-headed hydra
 14690 | Lair:6   | Entered Level 6 of the Lair of Beasts
 14724 | Lair:6   | Reached XP level 13. HP: 112/112 MP: 12/12
 14753 | Lair:6   | Reached skill level 20 in Axes
 14814 | Lair:6   | Found a labyrinth entrance.
 14823 | Lab      | Entered a labyrinth
 15043 | Lab      | Paralysed by fainting for 12 turns
 15473 | Lab      | Found an exit through the horrors of the Abyss.
 16464 | Lab      | Noticed a minotaur
 16471 | Lab      | Killed a minotaur
 16510 | Lab      | Got a warped silver ring
 16523 | Lab      | Identified the ring "Tesoh" {rF+ Str+5 SInv} (You found it in a labyrinth)
 16679 | Lair:6   | Identified Sif Muna's Incunabulum of Black Secrets and Changing
 17233 | Lair:6   | Reached skill level 21 in Axes
 18353 | D:10     | Entered Level 10 of the Dungeon
 18486 | D:10     | Found a staircase to the Orcish Mines.
 19256 | D:11     | Noticed a storm dragon
 19262 | D:11     | Killed a storm dragon
 19352 | D:11     | Reached XP level 14. HP: 122/124 MP: 11/13
 19439 | D:11     | Reached skill level 22 in Axes
 19876 | D:11     | Found a portal to a secret trove of treasure.
 19963 | D:11     | Noticed an orc warlord
 19976 | D:11     | Killed an orc warlord
 20202 | D:11     | Got a pair of jewelled boots
 20213 | D:11     | Identified the +0 pair of boots "Huuritt" {rPois rF++} (You found it on level 11 of the Dungeon)
 20933 | D:12     | Received a gift from Trog
 21301 | Orc:1    | Entered Level 1 of the Orcish Mines
 21333 | Orc:1    | Found Fijaxzin's Weapon Emporium.
 21487 | Orc:1    | Reached ****** piety under Trog
 21489 | Orc:1    | Reached skill level 23 in Axes
 21673 | Orc:1    | Found a roughly hewn altar of Beogh.
 21804 | Orc:2    | Entered Level 2 of the Orcish Mines
 21838 | Orc:2    | Received a gift from Trog
 21865 | Orc:2    | Found Oxisykic's Antique Armour Emporium.
 21869 | Orc:2    | Bought a pair of glowing gloves for 232 gold pieces
 22150 | Orc:2    | Found Tudwosergh's Book Emporium.
 22157 | Orc:2    | Found a staircase to the Elven Halls.
 22545 | Orc:2    | Found Paik's Book Shoppe.
 22589 | Orc:2    | Found Tistrasche's General Store.
 22603 | Orc:2    | Found Avvant's General Store.
 22882 | Orc:2    | Found Tiqaap's Assorted Antiques.
 22974 | Orc:2    | Noticed Erolcha
 22981 | Orc:2    | Killed Erolcha
 23297 | Orc:2    | Paralysed by an orc sorcerer for 3 turns
 23301 | Orc:2    | Received a gift from Trog
 23726 | Orc:2    | Reached skill level 24 in Axes
 23810 | Orc:2    | Found Jyrhur's Antique Armour Shop.
 23810 | Orc:2    | Found a one-way gate leading to the halls of Pandemonium.
 23810 | Orc:2    | Found Xill's Book Boutique.
 23835 | Orc:2    | Bought the +0 pair of fencer's gloves {+Riposte Dex+3} for 840 gold pieces
 24127 | Spider:1 | Entered Level 1 of the Spider Nest
 24165 | Spider:1 | Reached XP level 15. HP: 133/135 MP: 12/14
 25523 | Spider:1 | Received a gift from Trog
 25756 | Spider:2 | Reached skill level 15 in Armour
 27024 | Spider:3 | Reached skill level 15 in Fighting
 27051 | Spider:3 | Received a gift from Trog
 27232 | Spider:3 | Reached skill level 25 in Axes
 27759 | Spider:4 | Entered Level 4 of the Spider Nest
 27891 | Spider:4 | Reached XP level 16. HP: 149/149 MP: 13/15
 27992 | Spider:4 | Received a gift from Trog
 28406 | Spider:4 | HP: 6/150 [entropy weaver (9)]
 28410 | Spider:4 | Slain by a wolf spider

Vault maps used:
D:1:      dpeg_arrival_simpleton_b
D:2:      first_bread
D:3:      portal_sewer_entry_a, kennysheep_small_spiral, elyvilon_altar_1,
          uniq_jessica
D:4:      grunt_dithmenos_shadows, lemuel_coloured_pillars_altar,
          nicolae_ru_sacrificial_ziggurat, nicolae_overflow_hidden_temple,
          enter_ossuary_2, minmay_misc_feat_ornament, uniq_blork_the_orc,
          uniq_pikel
D:6:      minmay_temple_entry_glass
D:7:      lemuel_upstairs_altar, overflow_temple_1_default, serial_shops, shop,
          nicolae_shop_crystal, nicolae_shop_trees
D:8:      bloody_makhleb
D:9:      lair_entry_dummy, hangedman_pestilent_swarm
D:10:     david_orc_2
D:11:     minmay_chopped_fan, enter_trove_6, hex_large
Lair:1:   basic_altar, grunt_megastairs_4, serial_bayou_shore_b
Lair:2:   swamp_mist, spider_nest_entry_a, enter_volcano_4
Lair:3:   lemuel_fruit_fields
Lair:5:   slime_altar_1, minmay_hedge_maze
Lair:6:   evilmike_catoblepas_cave, lab_entry_generic, serial_bayou_shore_b
Spider:4: grunt_spider_rune_circles, einodemon_crawler_minivault
Orc:1:    serial_shops, nicolae_shop_temple_entry_statues_fountains,
          david_defended_altar_orc
Orc:2:    pf_orc_diabolical, serial_shops, shop, shop, shop, shop, uniq_erolcha
Lab:      nicolae_lab_checkerboard, nicolae_lab_hexagon, nicolae_lab_arrow,
          labyrinth_fake_exit, nicolae_lab_stuck, nicolae_lab_garden
Ossuary:  ossuary_minmay_scorpions
Volcano:  volcano_pools

Skill      XL: |  1  2  3  4  5  6  7  8  9 10 11 12 13 14 15 16 |
---------------+-------------------------------------------------+-----
Axes           | 4 5 8 10 12 14 16 18 19 21 24 25 | 25.6
Fighting       | 4 5 6 7 8 9 10 12 13 15 | 15.6
Armour         | 3 4 6 8 10 11 13 14 15 16 | 16.1
Dodging        | |  2.1

Action                   |  1- 3 |  4- 6 |  7- 9 | 10-12 | 13-15 | 16-18 || total
-------------------------+-------+-------+-------+-------+-------+-------++-------
Melee: Hand axe          |    72 |       |       |       |       |       ||    72
       Headbutt          |    13 |     5 |    44 |    89 |   305 |    43 ||   499
       Battleaxe         |     7 |    22 |   247 |   438 |  1080 |    21 ||  1815
       War axe           |       |       |    45 |       |       |       ||    45
       Executioner's axe |       |       |       |       |       |   101 ||   101
Invok: Berserk           |     2 |     1 |     3 |     8 |    15 |     1 ||    30
       Brothers in Arms  |       |       |       |     2 |     5 |     1 ||     8
       Burn Spellbooks   |       |       |       |     1 |     4 |       ||     5
       Trog's Hand       |       |       |       |     1 |     3 |       ||     4
Evoke: Wand              |       |       |       |     5 |     6 |    14 ||    25
  Use: Potion            |       |       |     8 |     1 |     5 |     4 ||    18
       Scroll            |       |       |     6 |    13 |     5 |     4 ||    28
 Stab: Petrifying        |       |       |       |       |     1 |       ||     1
       Confused          |       |       |       |       |       |     1 ||     1
  Eat: Chunk             |     5 |     2 |    11 |    33 |    37 |     2 ||    90
       Meat ration       |       |       |     1 |     2 |     4 |       ||     7
       Fruit             |       |       |       |     1 |    10 |       ||    11
Armor: Animal skin       |     3 |       |       |       |       |       ||     3
       Chain mail        |    48 |    15 |   128 |    81 |       |       ||   272
       Plate armour      |       |       |       |   110 |    29 |       ||   139
       Crystal plate arm |       |       |       |       |   744 |   149 ||   893
Dodge: Dodged            |    56 |    13 |   109 |   151 |   347 |    63 ||   739
       Rpst.: Battleaxe  |       |       |       |       |    26 |     1 ||    27
       Executioner's axe |       |       |       |       |       |    10 ||    10
